 Dungeon Crawl Stone Soup version 0.25.1-2-g60ff931df9 (webtiles) character file.

Game seed: 14241776412024723561

3 growler the Magician (level 1, -1/13 HPs)
             Began as a Gnoll Wanderer on Oct 13, 2020.
             Slain by a goblin (2 damage)
             ... on level 1 of the Dungeon.
             The game lasted 00:06:42 (1032 turns).

growler the Magician (Gnoll Wanderer)               Turns: 1032, Time: 00:06:42

Health: -1/13      AC:  5    Str: 11    XL:     1   Next: 50%
Magic:  8/8        EV: 10    Int: 17    God:
Gold:   32         SH:  0    Dex: 14    Spells: 14/14 levels left

rFire    + . .     SeeInvis .   a - +0 dagger
rCold    . . .     Gourm    .   (no shield)
rNeg     . . .     Faith    .   c - +2 leather armour {rF+}
rPois    .         Spirit   .   (no helmet)
rElec    .         Reflect  .   (no cloak)
rCorr    .         Harm     .   (no gloves)
MR       .....                  (no boots)
Stlth    ++........             (no amulet)
HPRegen  0.04/turn              (no ring)
MPRegen  0.11/turn              (no ring)

@: no status effects
A: distributed training, fangs 1, strong nose
a: no special abilities


You were on level 1 of the Dungeon.
You were not hungry.

You visited 1 branch of the dungeon, and saw 1 of its levels.

You collected 32 gold pieces.

Inventory:

Hand Weapons
 a - a +0 dagger (weapon)
Armour
 c - a +2 leather armour of fire resistance (worn)
   (You found it on level 1 of the Dungeon)
 d - a +0 robe
Comestibles
 e - a ration {!d}


   Skills:
 + Level 0.0 Fighting
 + Level 0.0 Short Blades
 + Level 0.0 Long Blades
 + Level 0.0 Axes
 + Level 0.0 Maces & Flails
 + Level 0.0 Polearms
 + Level 0.0 Staves
 + Level 0.0 Slings
 + Level 0.0 Bows
 + Level 0.0 Crossbows
 + Level 0.0 Throwing
 + Level 0.0 Armour
 + Level 0.0 Dodging
 + Level 2.1 Stealth
 + Level 2.3 Shields
 + Level 0.0 Unarmed Combat
 + Level 7.0 Spellcasting
 + Level 0.0 Conjurations
 + Level 0.0 Hexes
 + Level 5.3 Charms
 + Level 0.0 Summonings
 + Level 0.0 Necromancy
 + Level 3.6 Translocations
 + Level 0.0 Transmutations
 + Level 0.0 Fire Magic
 + Level 0.0 Ice Magic
 + Level 0.0 Air Magic
 + Level 0.0 Earth Magic
 + Level 0.0 Poison Magic
 + Level 0.1 Invocations
 + Level 0.0 Evocations


You had 14 spell levels left.
You didn't know any spells.
Your spell library contained the following spells:

 Spells                   Type           Power        Failure   Level  Hunger
 Infusion                 Chrm           ###.         1%          1    None
 Song of Slaying          Chrm           ###.....     2%          2    None
 Apportation              Tloc           ###...       3%          1    None
 Shroud of Golubria       Chrm/Tloc      ###...       3%          2    None
 Lesser Beckoning         Tloc           ###.......   10%         3    ##.....
 Shock                    Conj/Air       #...         16%         1    None
 Ozocubu's Armour         Chrm/Ice       ###.....     16%         3    ##.....
 Spectral Weapon          Hex/Chrm       ###.....     16%         3    ##.....
 Mephitic Cloud           Conj/Pois/Air  #.......     41%         3    ##.....


Dungeon Overview and Level Annotations

Branches:
Dungeon (1/15)

Altars:


Innate Abilities, Weirdness & Mutations

Your experience applies equally to all skills.
You have very sharp teeth.
Your uncanny sense of smell can sniff out nearby items.


Message History

* * * LOW HITPOINT WARNING * * *
You see here a stone.
The kobold throws a stone.
The stone hits you but does no damage.
You see here a stone.
The kobold hits you.
* * * LOW HITPOINT WARNING * * *
The kobold hits you but does no damage.
A goblin comes into view.
The goblin shouts!
The kobold hits you but does no damage. The goblin hits you.
* * * LOW HITPOINT WARNING * * *
The goblin hits you but does no damage.
Found a scroll labeled AMPOASS QAXOAF.
A kobold comes into view. It is wielding a +0 dagger.
The kobold shouts!
The frilled lizard hisses angrily.
The kobold throws a stone.
The stone hits you but does no damage.
You see here a stone.
The kobold throws a stone.
The stone barely misses you.
The stone closely misses the goblin.
The stone closely misses the kobold.
Found a scroll labeled ZUKKEM IP LAS.
The kobold throws a stone.
The stone hits you but does no damage.
Found a scroll labeled LOUNAG RUOPRI.
You see here a stone.
A goblin comes into view.
The kobold throws a stone.
The stone closely misses you.
You see here a stone.
The goblin shouts!
You see here a scroll labeled ZUKKEM IP LAS.
Found a plate armour.
The goblin barely misses you.
A frilled lizard comes into view.
The frilled lizard moves out of view.
The frilled lizard hisses angrily.
You see here a stone.
The hobgoblin hits you but does no damage.
You closely miss the hobgoblin. The goblin hits you.
* * * LOW HITPOINT WARNING * * *
The hobgoblin misses you.
You hit the hobgoblin. The goblin barely misses you.
The hobgoblin hits you but does no damage.
You barely miss the hobgoblin. The goblin barely misses you.
The hobgoblin barely misses you.
You hit the hobgoblin but do no damage. The goblin misses you.
The hobgoblin hits you.
* * * LOW HITPOINT WARNING * * *
You hit the hobgoblin.
You bite the hobgoblin, but do no damage.
The goblin hits you.
You die...

.# .# ########.#
#....K.#.### #K####.....#
##### #.#..#.....# ....#
#.#........#
....##########.#g##.....#
.....).........#@#.....)#
....############g#......#
....# #.......Kg#.######
..### #>.......l#........
..# #.....K...#########
..# #....K....+ ∆∆ ..#
#..%......# ..#
###l#......# ..#
#.#.#..#...


You could see a hobgoblin, 2 goblins, 3 kobolds and 2 frilled lizards.

Vanquished Creatures
  A goblin (D:1)
  A hobgoblin (D:1)
  A kobold (D:1)
3 creatures vanquished.

Notes
Turn   | Place    | Note
-------+----------+-------------------------------------------
     0 | D:1      | growler the Gnoll Wanderer began the quest for the Orb.
     0 | D:1      | growler set off with the following items: a +0 dagger, a +0
                  | robe, a ration {!d}; and the following spells available to
                  | memorise: Infusion, Song of Slaying, Apportation, Shroud of
                  | Golubria, Lesser Beckoning, Shock, Ozocubu's Armour,
                  | Spectral Weapon, Mephitic Cloud
     0 | D:1      | Reached XP level 1. HP: 13/13 MP: 8/8
  1032 | D:1      | Slain by a goblin

Illustrated notes

Levels and vault maps discovered:
D:1:      minmay_arrival_semitransparent, layout_basic

Action                   || total
-------------------------++-------
Melee: Dagger            ||    40
       Bite              ||     8
Armor: Leather armour    ||    14
       Robe              ||     1
Dodge: Dodged            ||    33
